AoeStats
← Santi Povs

Arena

508341812Analyzed
2v2 RM · 10d ago on Sep 22, 2026· 18m 56s· 4 players
Game mode
Random Map
Map size
Medium (4 player)
Population
200
Speed
Normal
Resources
Standard
Victory
Conquest
Starting age
Dark Age
Ending age
Imperial Age
RankedLock teamsTeams togetherTeam positionsShared explorationLock speedFull tech treeHidden civsTurbo modeCheats
Victory
Defeat
🇺🇸 Romans · United States
974
+13
🇺🇸 Cumans · United States
962
+13
🇨🇴 Celts · Colombia
954
-15
🇨🇴 Khmer · Colombia
849
-11
NickyCash
10:18 Feudal Age
8:34 Loom
14:25 Castle Age
12:43 Stone Mining
13:04 Horse Collar
14:18 Double-Bit Axe
Santi Povs
10:26 Feudal Age
14:17 Castle Age
12:45 Double-Bit Axe
13:39 Loom
15:28 Scale Barding Armor
Soft Hands
7:30 Loom
10:06 Feudal Age
11:47 Man-at-Arms
14:50 Scale Mail Armor
17:31 Wheelbarrow
17:46 Forging
OMG Dog Lips
9:36 Feudal Age
Connection lost

Rejoining the realm…

Still unreachable

The connection could not be restored.

Session expired

The server has moved on; the page needs a fresh start.